 Dungeon Crawl Stone Soup version 0.32-a0-361-g289a535e89 (webtiles) character file.

Game seed: 2496232600948950865

206 petete the Cudgeller (level 5, 54/54 HPs)
             Began as a Troll Fighter on Oct 20, 2020.
             Quit the game on level 4 of the Dungeon on Feb 18, 2024.
             The game lasted 00:07:11 (2716 turns).

petete the Cudgeller (Troll Fighter)                Turns: 2716, Time: 00:07:11

Health: 54/54      AC: 13    Str: 24    XL:     5   Next: 53%
Magic:  4/4        EV:  8    Int:  5    God:
Gold:   93         SH:  7    Dex:  9    Spells: 4/4 levels left

rFire   . . .        a - +2 flail (protect)
rCold   . . .        c - +0 kite shield
rNeg    . . .        b - +0 robe
rPois   .            (helmet restricted)
rElec   .            (no cloak)
rCorr   .            (gloves unavailable)
SInv    .            (boots unavailable)
Will    .....        (no amulet)
Stlth   +            (no ring)
HPRegen 1.09/turn    (no ring)
MPRegen 0.09/turn

%: no passive effects
@: under a protective aura
A: large, unfitting armour, claws 3, regeneration 1, shaggy fur 1, tough skin 3
a: no special abilities


You were on level 4 of the Dungeon.
You visited 1 branch of the dungeon, and saw 4 of its levels.

You collected 93 gold pieces.

Inventory:

Hand Weapons
 a - a +2 flail of protection (weapon)
 o - a +1 antimagic whip
Armour
 b - a +0 robe (worn)
 c - a +0 kite shield (worn)
Jewellery
 h - a +6 ring of strength {unknown}
 s - a +4 ring of evasion {unknown}
Scrolls
 f - a scroll of noise {unknown}
 g - 2 scrolls of identify {unknown}
 i - a scroll of teleportation {unknown}
 l - a scroll of enchant armour {unknown}
 q - a scroll of enchant weapon {unknown}
 r - a scroll of removedness
 t - 2 scrolls of removedness
Potions
 d - 2 potions of might
 e - a potion of heal wounds {unknown}
 j - 3 potions of curing {unknown}
 k - a potion of haste {unknown}
 m - a potion of berserk rage {unknown}
 n - a potion of mutation {unknown}
 p - a potion of ambrosia {unknown}
 u - 2 potions of attraction {unknown}


   Skills:
 - Level 4.0 Fighting
 + Level 4.0 Maces & Flails
 - Level 2.4 Dodging
 - Level 2.6 Shields


You had 4 spell levels left.
You didn't know any spells.
Your spell library was empty.

Dungeon Overview and Level Annotations

Branches:
Dungeon (4/15)
 Temple: D:4-7

Altars:
Trog
Vehumet
Zin


Innate Abilities, Weirdness & Mutations

You are too large for most types of armour.
You have claws for hands.
Your natural rate of healing is unusually fast.
You are covered in fur. (AC +1)
You have extremely tough skin. (AC +3)


Message History

The howler monkey hits you but does no damage.
The howler monkey hoots and howls with incredible vigour!
You closely miss the howler monkey.
The howler monkey is moderately wounded.
You block the howler monkey's attack.
You hit the howler monkey.
The howler monkey is moderately wounded.
The howler monkey completely misses you.
The howler monkey hoots and howls with incredible vigour!
You barely miss the howler monkey.
The howler monkey is moderately wounded.
The howler monkey hits you but does no damage.
You sock the howler monkey!
You kill the howler monkey!
No target in view!
No target in view!
Found 17 stones and a mace.
Found a robe.
You now have 93 gold pieces (gained 13).
No target in view!
You see here a mace.
u - 2 smoky blue potions A worker ant comes into view.
You hit the worker ant.
Your weapon exudes an aura of protection.
The worker ant is lightly wounded.
The worker ant closely misses you.
The worker ant bites you but does no damage.
You sock the worker ant!
The worker ant is severely wounded.
The worker ant bites you but does no damage.
You hit the worker ant.
You kill the worker ant!
Your Fighting skill increases to level 4!
No target in view!
No target in view!
Save game and exit?
Welcome back, petete the Troll Fighter.
Press ? for a list of commands and other information.
Are you sure you want to abandon this character and quit the game? (Confirm with "yes".)

...#####.##
.#####
#.####
#.)..#
####.# #.#
#.# #.#
#.#####.#
#....@..#
#########


There were no monsters in sight!

Vanquished Creatures
  A howler monkey (D:4)
  Terence (D:2)
  A removed worker ant (D:4)
  3 adders
  A white imp (D:3)
  4 ribbon worms (D:2)
  A dart slug (D:2)
  5 orcs (D:3)
  5 removed leopard geckos
  10 goblins
  5 hobgoblins
  3 jackals (D:2)
  4 kobolds
  2 quokkas
  7 bats
  4 frilled lizards
  9 rats
66 creatures vanquished.

Notes
Turn   | Place    | Note
-------+----------+-------------------------------------------
     0 | D:1      | petete the Troll Fighter began the quest for the Orb.
     0 | D:1      | Reached XP level 1. HP: 22/22 MP: 0/0
   313 | D:1      | Reached XP level 2. HP: 29/29 MP: 1/1
   926 | D:2      | Found a radiant altar of Vehumet.
   992 | D:2      | Noticed Terence
  1010 | D:2      | Killed Terence
  1010 | D:2      | Reached XP level 3. HP: 13/37 MP: 2/2
  1112 | D:2      | Reached XP level 4. HP: 41/45 MP: 3/3
  1151 | D:2      | Noticed a moth of wrath
  1154 | D:2      | Found a bloodstained altar of Trog.
  1837 | D:2      | Noticed an angel
  1838 | D:2      | Found a glowing silver altar of Zin.
  2153 | D:3      | Reached XP level 5. HP: 53/53 MP: 4/4
  2716 | D:4      | Upgraded the game from 0.26-a0-672-g1df16c3386 to
                  | 0.32-a0-361-g289a535e89
  2716 | D:4      | Quit the game

Illustrated notes

Levels and vault maps discovered:
D:1:      dpeg_arrival_subterranean_lakeside_camping, layout_basic
D:2:      layout_basic, vehumet_crystals, tgw_trog, zin_angel, serial_forest,
          infiniplex_forest_clump_tiny, infiniplex_forest_straight_5,
          infiniplex_forest_straight_4, infiniplex_forest_fountain,
          infiniplex_forest_clump_large, infiniplex_forest_straight_3,
          infiniplex_forest_end_2, infiniplex_forest_lined_3_way, uniq_terence
D:3:      layout_basic, st_stairs_9
D:4:      layout_loops_ring, kennysheep_mini, minmay_misc_feat_four_crosses

Skill      XL: |  1  2  3  4  5 |
---------------+----------------+-----
Maces & Flails | 2 3 4 |  4.0
Fighting       | 3 4 |  4.0
Dodging        | |  2.4
Shields        | |  2.6

Action                     |  1- 3 |  4- 6 || total
---------------------------+-------+-------++-------
  Melee: Flail             |   108 |   123 ||   231
 Armour: Robe              |    65 |    39 ||   104
  Dodge: Dodged            |    51 |    19 ||    70
  Block: Kite shield       |    80 |    44 ||   124

Table legend: (Time is in decaauts)
 A = Elapsed time spent in this place.
 B = Non-inter-level travel time spent in this place.
 C = Inter-level travel time spent in this place.
 D = Time resting spent in this place.
 E = Time spent auto-exploring this place.
 F = Levels seen in this place.
 G = Mean time per level.
                   A        B        C        D        E       F      G
               +--------+--------+--------+--------+--------+-----+--------+
         Total |   2792 |   2696 |     96 |      5 |   2168 |   4 |  698.0 |
       Dungeon |   2792 |   2696 |     96 |      5 |   2168 |   4 |  698.0 |
               +--------+--------+--------+--------+--------+-----+--------+

Top non-repeatable levels by time:
     D:2: 1039 daAuts
     D:1: 902 daAuts
     D:3: 781 daAuts
     D:4: 68 daAuts
